Map: [ESL] Gresvan

Players

PattyMac - Winner!

  • Race: Protoss Protoss
  • Spawn Location: 5:00

eGGz

  • Race: Zerg Zerg
  • Spawn Location: 11:00

Event: ESL SC2 Masters 2023 Summer (Regionals)

VOD

Have the link to the VOD?

Description

Time

  • Played on: May 5, 2023, 2:20 p.m.
  • Length: 14:29

All games in this series

Show
View Real Time Build Order
Export as new Build Order

PattyMac Protoss - Winner!

Build Orders: 1 Gate Expand, Mass Adepts 

Get SALT Encoding   

  12  0:00  Probe  
  13  0:14  Pylon  
  13  0:17  Probe (Chrono Boost)  
  14  0:26  Probe (Chrono Boost)  
  15  0:31  Probe (Chrono Boost)  
  16  0:39  Gateway  
  16  0:43  Probe  
  16  0:47  Assimilator  
  17  0:55  Probe  
  18  1:08  Probe  
  19  1:20  Probe  
  20  1:27  Nexus  
  20  1:34  Cybernetics Core  
  20  1:37  Probe  
  21  1:45  Assimilator  
  21  1:49  Probe  
  21  1:54  Pylon  
  22  2:02  Probe (Chrono Boost)  
  23  2:08  Warp Gate (Chrono Boost)  
  23  2:11  Adept  
  23  2:14  Probe (Chrono Boost)  
  26  2:19  Probe (Chrono Boost)  
  26  2:22  Gateway  
  27  2:29  Probe (Chrono Boost)  
  29  2:38  Probe (Chrono Boost)  
  29  2:42  Probe (Chrono Boost)  
  29  2:43  Stalker  
  31  2:49  Probe x2 (Chrono Boost)  
  33  2:54  Gateway  
  33  2:55  Probe x2  
  35  3:07  Probe  
  35  3:08  Probe  
  35  3:10  Adept  
  39  3:13  Stalker  
  39  3:19  Probe  
  42  3:21  Twilight Council  
  42  3:23  Pylon  
  42  3:27  Probe  
  42  3:30  Pylon  
  42  3:33  Probe  
  44  3:39  Probe  
  45  3:45  Probe  
  46  3:52  Probe  
  46  3:55  Adept  
  46  3:56  Adept x2  
  46  3:57  Probe  
  53  4:03  Resonating Glaives (Chrono Boost)  
  53  4:04  Probe  
  53  4:16  Nexus  
  53  4:17  Probe  
  53  4:18  Pylon  
  53  4:22  Adept x2  
  58  4:24  Probe  
  58  4:30  Probe  
  59  4:32  Assimilator  
  59  4:35  Assimilator  
  59  4:36  Probe  
  60  4:42  Probe  
  60  4:44  Adept x3  
  67  4:48  Probe  
  67  4:50  Pylon  
  68  4:53  Dark Shrine  
  68  4:58  Shield Battery  
  68  5:01  Pylon  
  68  5:04  Probe  
  68  5:06  Probe  
  70  5:09  Adept x2  
  70  5:12  Adept  
  76  5:16  Probe  
  76  5:20  Robotics Facility  
  77  5:21  Probe  
  78  5:30  Adept  
  78  5:31  Adept  
  82  5:38  Probe  
  82  5:40  Probe  
  82  5:41  Probe  
  75  5:49  Adept  
  75  5:51  Probe  
  75  5:53  Probe, Forge  
  75  5:54  Gateway  
  77  6:02  Adept x2  
  77  6:04  Probe x2  
  81  6:05  Probe  
  78  6:16  Probe x2  
  78  6:17  Dark Templar  
  74  6:21  Probe  
  74  6:22  Protoss Ground Weapons Level 1 (Chrono Boost)  
  74  6:23  Dark Templar  
  74  6:25  Observer, Assimilator  
  74  6:28  Probe, Stalker  
  74  6:30  Probe, Robotics Bay  
  74  6:31  Assimilator  
  78  6:34  Probe  
  79  6:41  Pylon  
  79  6:43  Gateway  
  79  6:59  Probe  
  78  7:02  Stalker x3  
  78  7:03  Dark Templar  
  77  7:15  Probe  
  77  7:22  Probe  
  73  7:23  Probe  
  73  7:26  Colossus (Chrono Boost)  
  73  7:28  Stalker  
  73  7:29  Stalker x2  
  85  7:32  Probe (Chrono Boost)  
  85  7:35  Probe (Chrono Boost)  
  85  7:36  Probe (Chrono Boost)  
  85  7:44  Probe (Chrono Boost), Pylon  
  86  7:47  Probe (Chrono Boost)  
  86  7:48  Probe (Chrono Boost)  
  88  7:52  Probe (Chrono Boost)  
  88  7:54  Probe (Chrono Boost)  
  90  8:00  Extended Thermal Lance  
  90  8:03  Stalker  
  90  8:04  Dark Templar  
  94  8:05  Nexus  
  94  8:06  Probe  
  94  8:07  Probe, Pylon  
  94  8:08  Probe  
  94  8:11  Colossus (Chrono Boost)  
  97  8:18  Probe  
  104  8:24  Stalker x3  
  110  8:29  Blink (Chrono Boost)  
  110  8:30  Pylon  
  110  8:32  Shield Battery  
  110  8:35  Photon Cannon  
  110  8:41  Protoss Ground Weapons Level 2 (Chrono Boost)  
  110  8:47  Gateway  
  110  8:48  Gateway  
  110  8:49  Probe, Gateway, Colossus (Chrono Boost)  
  111  8:58  Forge  
  111  9:00  Probe  
  118  9:05  Zealot x2  
  122  9:12  Dark Templar  
  122  9:14  Probe x2, Assimilator  
  126  9:19  Assimilator  
  126  9:21  Probe x2  
  128  9:24  Stalker x2  
  132  9:34  Protoss Ground Armor Level 1 (Chrono Boost), Warp Prism  
  132  9:35  Probe  
  135  9:39  Templar Archives  
  135  9:41  Gateway  
  135  9:44  Stalker x3  
  141  9:47  Probe x2  
  141  9:51  Pylon  
  143  9:56  Stalker x2  
  147  10:04  Photon Cannon  
  147  10:07  Photon Cannon  
  147  10:09  Pylon, Stalker  
  147  10:10  Stalker x3  
  147  10:13  Charge (Chrono Boost)  
  152  10:22  Probe  
  152  10:25  Dark Templar  
  155  10:32  Probe x2  
  155  10:35  Pylon  
  157  10:36  Stalker x3  
  163  10:44  Pylon  
  163  10:47  Pylon  
  163  10:48  Protoss Ground Weapons Level 3 (Chrono Boost)  
  163  10:49  Pylon  
  163  11:01  High Templar x4  
  169  11:05  Archon  
  169  11:06  Archon  
  168  11:12  Immortal (Chrono Boost)  
  172  11:25  Nexus  
  172  11:27  Pylon  
  172  11:31  High Templar x4  
  179  11:35  Archon x2  
  179  11:40  Protoss Ground Armor Level 2 (Chrono Boost)  
  179  11:42  Probe x2  
  185  11:47  Immortal (Chrono Boost)  
  185  11:52  Pylon  
  185  11:55  Gateway  
  185  11:57  Gateway  
  185  11:59  Gateway  
  165  12:03  Stalker x7  
  165  12:04  Stalker x2  
  165  12:05  Photon Cannon  
  165  12:06  Photon Cannon  
  161  12:12  Probe  
  160  12:16  Pylon  
  160  12:24  Immortal (Chrono Boost)  
  160  12:25  Assimilator  
  160  12:28  Dark Templar  
  166  12:30  Dark Templar  
  166  12:32  Dark Templar x3  
  166  12:33  Dark Templar  
  176  12:38  Assimilator  
  176  12:41  Photon Cannon  
  176  12:42  Photon Cannon  
  176  12:44  Shield Battery  
  176  12:48  Archon x2  
  176  12:53  Dark Templar x3  
  176  12:55  Dark Templar  
  184  12:59  Archon x2  
  154  13:19  Zealot x4  
  120  13:23  Stalker x2  
  120  13:24  Stalker x2  
  120  13:25  Stalker x2  
  120  13:26  Stalker  
  122  13:30  Probe x2  
  122  13:31  Probe x3  
  127  13:42  Probe x2  
  127  13:43  Probe  
  118  13:48  High Templar x2  
  118  13:49  High Templar x2  
  118  13:50  Zealot x2  
  118  13:52  Archon  
  118  13:56  Zealot x3, Archon  
  116  14:10  High Templar  
  116  14:11  Zealot x2  
  116  14:15  High Templar  
Show
View Real Time Build Order
Export as new Build Order

eGGz Zerg 

Build Orders: Hatch First 

Get SALT Encoding   

  12  0:03  Drone  
  13  0:13  Overlord  
  13  0:16  Drone  
  14  0:31  Drone x2  
  16  0:36  Drone  
  17  0:52  Hatchery  
  16  1:06  Spawning Pool  
  16  1:08  Drone  
  16  1:14  Extractor, Drone  
  16  1:17  Drone  
  17  1:24  Drone  
  18  1:30  Drone  
  19  1:41  Drone  
  20  1:54  Queen  
  22  2:05  Queen, Zergling x2  
  22  2:06  Overlord  
  25  2:13  Drone  
  25  2:14  Zergling x2  
  25  2:15  Zergling x2, Metabolic Boost  
  28  2:25  Drone  
  28  2:26  Drone  
  30  2:33  Queen  
  30  2:36  Overlord  
  32  2:40  Zergling x2  
  33  2:55  Drone x2  
  33  2:56  Drone  
  35  3:00  Hatchery  
  35  3:03  Drone  
  35  3:04  Drone  
  36  3:09  Overlord  
  36  3:12  Drone x2  
  38  3:15  Drone  
  39  3:26  Zergling x4  
  41  3:30  Zergling x2, Roach Warren  
  41  3:33  Queen  
  43  3:39  Zergling x2  
  44  3:43  Drone x2  
  44  3:44  Drone x2  
  48  3:54  Drone x2  
  49  3:58  Overlord  
  48  4:04  Zergling x8  
  51  4:12  Zergling x4  
  51  4:16  Zergling x8  
  56  4:17  Queen  
  58  4:26  Zergling x2  
  58  4:27  Zergling x4  
  61  4:35  Overlord  
  61  4:36  Overlord  
  61  4:38  Overlord  
  61  4:40  Overlord  
  61  4:44  Spore Crawler, Spine Crawler  
  59  4:46  Lair  
  59  4:53  Roach x3  
  59  4:56  Drone x2  
  59  4:57  Drone  
  68  5:03  Roach x2  
  68  5:07  Roach x2  
  76  5:10  Zergling x4  
  78  5:14  Extractor  
  78  5:15  Zergling x2  
  78  5:18  Drone x3  
  81  5:24  Drone x3  
  84  5:30  Roach x2, Zergling x2  
  87  5:40  Zergling x4  
  87  5:41  Zergling x6  
  78  5:46  Drone x3  
  78  5:47  Drone x2  
  78  5:49  Drone  
  80  5:51  Drone x2  
  80  5:52  Drone  
  81  6:00  Drone x3  
  79  6:11  Drone x2  
  72  6:20  Zergling x10  
  77  6:26  Glial Reconstitution  
  77  6:27  Drone x3  
  77  6:28  Drone x2  
  82  6:33  Drone x2  
  82  6:36  Drone x2  
  85  6:47  Overlord  
  85  6:52  Evolution Chamber, Overseer  
  83  6:58  Overseer  
  79  7:02  Drone x6  
  79  7:03  Drone  
  73  7:16  Drone x8  
  73  7:32  Zergling x2  
  73  7:33  Zergling x14  
  73  7:35  Ravager  
  81  7:43  Zergling x6  
  84  7:46  Zerg Melee Weapons Level 1  
  84  7:53  Zergling x6  
  87  8:00  Hatchery  
  87  8:01  Drone x4, Baneling Nest  
  87  8:03  Drone x3  
  92  8:11  Roach  
  94  8:15  Roach  
  94  8:16  Roach  
  98  8:20  Overlord x3  
  98  8:29  Extractor  
  98  8:31  Extractor, Hatchery  
  98  8:33  Zergling x8  
  97  8:40  Zergling x8  
  101  8:45  Centrifugal Hooks  
  101  8:47  Zergling x8  
  105  8:51  Zergling x16  
  113  8:58  Drone  
  113  8:59  Drone  
  115  9:04  Zergling x2  
  112  9:11  Zergling x4  
  112  9:14  Baneling  
  112  9:15  Baneling x6  
  112  9:16  Drone x5  
  119  9:19  Drone  
  119  9:20  Drone x3  
  119  9:22  Baneling  
  119  9:23  Baneling x2  
  123  9:27  Drone x4  
  123  9:30  Overlord x2  
  127  9:41  Overlord  
  127  9:44  Drone x2  
  127  9:45  Overlord  
  129  9:46  Zergling x8  
  129  9:48  Baneling x10  
  129  9:52  Zergling x18  
  142  10:00  Zergling x6  
  142  10:01  Zergling x2  
  142  10:05  Zergling x6  
  142  10:07  Baneling x7  
  148  10:18  Overlord  
  148  10:20  Drone x3  
  148  10:22  Extractor  
  148  10:23  Extractor  
  148  10:24  Zergling x22  
  148  10:26  Zerg Melee Weapons Level 2  
  157  10:30  Hatchery  
  157  10:31  Spore Crawler  
  157  10:32  Spine Crawler  
  157  10:33  Baneling x5  
  157  10:34  Overlord x3  
  154  10:41  Zergling x14  
  161  10:44  Baneling x2  
  161  10:45  Baneling x3  
  161  10:50  Drone x3  
  161  10:51  Drone x2  
  166  10:57  Baneling  
  164  11:09  Baneling x9  
  164  11:10  Zergling x2  
  164  11:11  Zergling x32  
  178  11:19  Baneling x5  
  178  11:23  Zergling x2  
  178  11:24  Zergling x16  
  186  11:28  Baneling x6  
  185  11:34  Zergling x8  
  185  11:35  Overlord  
  189  11:41  Overlord  
  189  11:52  Zergling x4  
  189  11:53  Zergling x12  
  150  12:04  Zergling x2  
  150  12:05  Zergling x16  
  144  12:14  Baneling  
  144  12:15  Baneling x24  
  144  12:17  Zergling x2  
  144  12:18  Zergling x32  
  161  12:32  Baneling x14  
  161  12:33  Zergling x4  
  161  12:34  Zergling x10  
  168  12:44  Baneling x8  
  168  12:45  Zergling x24  
  168  12:49  Zergling x8  
  184  12:52  Baneling  
  184  12:53  Baneling x4  
  184  13:01  Zergling x14  
  148  13:17  Zergling x2  
  148  13:18  Zergling x28  
  130  13:23  Roach x3  
  130  13:25  Baneling x9  
  130  13:26  Baneling x3  
  129  13:30  Roach x5  
  129  13:32  Baneling  
  129  13:33  Baneling x5  
  139  13:46  Zergling x2  
  139  13:47  Zergling x28  
  135  13:53  Zergling x10  
  127  14:00  Roach x6  
  112  14:04  Zergling x2  
  112  14:05  Zergling x8  
  112  14:06  Zergling x2  
Tags
 
Add a new tag
Caveats
  • Supply blocks, unpowered buildings, or Contaminate may cause inaccurate times.
  • Supply counts are checked every 10 seconds.